 Dungeon Crawl Stone Soup version 0.19-a0-1903-gead39cf (webtiles) character file.

49 LORDOFBUTT the Shield-Bearer (level 3, 0/49 HPs)
             Began as a Minotaur Fighter on Oct 20, 2016.
             Slain by Crazy Yiuf
             ... wielding a +4 quarterstaff of chaos
              (4 damage)
             ... on level 2 of the Dungeon.
             The game lasted 00:00:52 (1726 turns).

LORDOFBUTT the Shield-Bearer (Minotaur Fighter)     Turns: 1726, Time: 00:00:53

Health: 0/49       AC:  7    Str: 26    XL:     3   Next: 51%
Magic:  2/2        EV:  7    Int:  5    God:
Gold:   138        SH: 10    Dex:  9    Spells: 0 memorised, 2 levels left

rFire  . . .     SeeInvis .     a - +0 war axe
rCold  . . .     Gourm    .     b - +0 scale mail
rNeg   . . .     Faith    .     c - +0 shield
rPois  .         Spirit   .     (helmet restricted)
rElec  .         Reflect  .     (no cloak)
rCorr  .         Harm     .     (no gloves)
MR     .....                    (no boots)
Stlth  ..........               (no amulet)
                                (no ring)
                                (no ring)

@: berserking, very quick
A: retaliatory headbutt, horns 2
a: no special abilities


You were on level 2 of the Dungeon.
You were hungry.

You visited 1 branch of the dungeon, and saw 2 of its levels.

You collected 138 gold pieces.

Inventory:

Hand Weapons
 a - a +0 war axe (weapon)
Armour
 b - a +0 scale mail (worn)
 c - a +0 shield (worn)
Jewellery
 s - an uncursed ring of protection from magic {unknown}
Scrolls
 e - 3 scrolls of recharging {unknown}
 g - 2 scrolls of fear {unknown}
 h - a scroll of enchant armour {unknown}
 j - 4 scrolls of identify {unknown}
 k - 3 scrolls of magic mapping {unknown}
 n - a scroll of amnesia {unknown}
 o - a scroll of enchant weapon {unknown}
Potions
 d - a potion of might
 p - a potion of invisibility {unknown}
 r - a potion of cancellation {unknown}
Comestibles
 f - 3 bread rations
 i - a slice of pizza
 m - a meat ration
 q - a beef jerky


   Skills:
 + Level 3.9 Fighting
 + Level 3.6 Axes
 + Level 3.9 Armour
 + Level 0.2 Dodging
 + Level 4.2 Shields


You had 2 spell levels left.
You didn't know any spells.

Dungeon Overview and Level Annotations

Branches:
Dungeon (2/15)

Altars:
Nemelex Xobeh
Zin
The Shining One

Annotations:
D:2 Crazy Yiuf


Innate Abilities, Weirdness & Mutations

You reflexively headbutt those who attack you in melee.
You have a pair of horns on your head.


Message History

Crazy Yiuf shouts!
Crazy Yiuf cries, "You leg down broken song, no?"
Found a mace.
There is an open door here.
You hit Crazy Yiuf but do no damage. Your headbutt misses Crazy Yiuf.
You block Crazy Yiuf's attack.
Crazy Yiuf hits you with a quarterstaff of chaos!
Space warps horribly around you!
* * * LOW HITPOINT WARNING * * *
You closely miss Crazy Yiuf.
Crazy Yiuf hits you with a quarterstaff of chaos.
* * * LOW HITPOINT WARNING * * *
You barely miss Crazy Yiuf.
Crazy Yiuf hits you with a quarterstaff of chaos.
* * * LOW HITPOINT WARNING * * *
It was a potion of berserk rage.
A red film seems to cover your vision as you go berserk!
You feel yourself moving faster!
You feel mighty!
Crazy Yiuf hits you with a quarterstaff of chaos.
You die...

#....# #.# ## ♣P...♣
#.# #. ♣♣P..♣ #.# #.
♣♣.♣♣ #.# #. ♣♣.♣ #.#
#. ♣.♣♣ #.# #. ♣♣.♣
#.#########. ♣.♣♣
#........... #@#
#####.#####. #.g.# #.#
#. #...# #####.# #.
#)..# #.....# ###.
##### #.##### #... #.#
#####.). ### ##.#
#.......
#.#########..###.###...
#................# #...


You could see Crazy Yiuf.

Vanquished Creatures
  A worm (D:2)
  A dart slug (D:2)
  A leopard gecko (D:1)
  A ball python (D:2)
  5 bats
  2 giant cockroaches (D:1)
  3 hobgoblins (D:2)
  A jackal (D:2)
  4 quokkas
  3 frilled lizards
  6 goblins
  5 kobolds
  7 rats
40 creatures vanquished.

Notes
Turn   | Place    | Note
-------+----------+-------------------------------------------
     0 | D:1      | LORDOFBUTT the Minotaur Fighter began the quest for the Orb.
     0 | D:1      | Reached XP level 1. HP: 19/19 MP: 0/0
   296 | D:1      | Reached XP level 2. HP: 27/27 MP: 1/1
   936 | D:2      | Found a glowing silver altar of Zin.
   941 | D:2      | Reached skill level 4 in Shields
  1032 | D:2      | Reached XP level 3. HP: 33/33 MP: 2/2
  1375 | D:2      | Found a sparkling altar of Nemelex Xobeh.
  1419 | D:2      | Found a glowing golden altar of the Shining One.
  1538 | D:2      | Found a runed door.
  1721 | D:2      | Noticed Crazy Yiuf
  1726 | D:2      | Slain by Crazy Yiuf

Vault maps used:
D:1:      onia_arrival_larder
D:2:      nicolae_overflow_hidden_temple, nicolae_overflow_crystal_walls,
          nemelex_xobeh_ov_fountains_minmay, uniq_crazy_yiuf_cottage

Skill      XL: |  1  2 |
---------------+-------+-----
Axes           | 3 |  3.6
Shields        | 4 |  4.2
Fighting       | |  3.9
Armour         | |  3.9
Dodging        | |  0.2

Action                   || total
-------------------------++-------
Melee: War axe           ||    90
       Headbutt          ||    10
  Use: Potion            ||     1
  Eat: Chunk             ||     2
Armor: Scale mail        ||    31
Dodge: Dodged            ||    20
Block: Shield            ||    47
